 Dungeon Crawl Stone Soup version 0.29-a0-275-g389c0b56f3 (webtiles) character file.

Game seed: 16076696313957912621

85076 drugrobin the Severer (level 14, 0/130 HPs)
             Began as a Demigod Fighter on Mar 11, 2022.
             Slain by a reaper
             ... wielding a +2 vorpal scythe
              (20 damage)
             ... on level 2 of the Abyss.
             The game lasted 02:05:29 (42229 turns).

drugrobin the Severer (Demigod Fighter)            Turns: 42229, Time: 02:05:30

Health: 0/130      AC: 25    Str: 35    XL:     14   Next: 98%
Magic:  17/17      EV:  9    Int: 14    God:
Gold:   1554       SH: 10    Dex: 13    Spells: 2/13 levels left

rFire   . . .      SeeInvis .   a - +4 broad axe (protect)
rCold   . . .      Faith    .   S - +0 buckler
rNeg    + . .      Spirit   .   E - +0 pearl dragon scales
rPois   .          Reflect  +   K - +2 helmet
rElec   .          Harm     .   x - +1 cloak {Will+}
rCorr   .          Rampage  .   J - +3 pair of gauntlets of War {Slay+5}
Will    ++...                   F - +0 pair of boots
Stlth   ..........              e - amulet of reflection
HPRegen 0.31/turn               l - ring of wizardry
MPRegen 0.15/turn               g - +6 ring of strength

@: about to teleport, studying Translocations
A: high MP 1, forlorn, divine attributes
a: no special abilities


You were on level 2 of the Abyss.
You visited 3 branches of the dungeon, and saw 22 of its levels.
You visited the Abyss 1 time.
You also visited: Gauntlet.

You collected 2914 gold pieces.
You spent 1360 gold pieces at shops.

Inventory:

Hand Weapons
 a - a +4 broad axe of protection (weapon)
 b - a +1 mace of venom
 d - the +5 spear of Amortisation {flame, Fly rElec rPois rCorr}
   (You took it off a spriggan on level 4 of the Lair of Beasts)

   It burns those it strikes, dealing additional fire damage.
   rElec:     It insulates you from electricity.
   rPois:     It protects you from poison.
   Fly:       It grants you flight.
   rCorr:     It protects you from acid and corrosion.
Missiles
 s - 9 javelins
 v - 21 poisoned darts
 M - 13 boomerangs (quivered)
Armour
 x - a +1 cloak of willpower (worn)
 E - +0 pearl dragon scales (worn)
 F - a +0 pair of boots (worn)
 J - the +3 pair of gauntlets of War (worn) {Slay+5}
   (You acquired it on level 11 of the Dungeon)

   Slay:      It affects your accuracy & damage with ranged weapons and melee
   (+5).
 K - a +2 helmet (worn)
 S - a +0 buckler (worn)
Jewellery
 e - an amulet of reflection (around neck)
 g - a +6 ring of strength (right hand)
 l - a ring of wizardry (left hand)
 p - a ring of protection from fire
 w - a ring of wizardry
 y - a ring of resist corrosion
 B - a ring of protection from fire
 D - a ring of see invisible
Wands
 j - a wand of charming (11)
 H - a wand of iceblast (28)
 N - a wand of flame (37)
 R - a wand of digging (4)
Scrolls
 f - a scroll of identify
 k - 3 scrolls of fear
 r - 6 scrolls of blinking
 z - 2 scrolls of immolation
 A - 3 scrolls of amnesia
 C - 13 scrolls of teleportation
 L - 3 scrolls of vulnerability
 V - a scroll of magic mapping
 Y - 2 scrolls of fog
Potions
 c - a potion of invisibility
 i - 3 potions of lignification
 m - a potion of brilliance
 o - 4 potions of might
 q - a potion of curing
 t - 4 potions of ambrosia
 u - a potion of cancellation
 I - a potion of haste
 P - a potion of flight
Miscellaneous
 h - a lightning rod (4/4)
 T - a tin of tremorstones (2/2)


   Skills:
 + Level 13.7 Fighting
 - Level 18.0 Axes
 + Level 9.4 Armour
 + Level 4.9 Shields
 - Level 3.0 Translocations
 - Level 7.3 Evocations


You had 2 spell levels left.
You knew the following spells:

 Your Spells              Type           Power      Damage    Failure   Level
a - Blink                 Tloc           16%        N/A       12%         2
b - Ignite Poison         Fire/Tmut/Pois 0%         N/A       61%         3
c - Mephitic Cloud        Conj/Pois/Air  0%         N/A       61%         3
d - Call Canine Familiar  Summ           0%         N/A       61%         3

Your spell library contained the following spells:

 Spells                   Type           Power      Damage    Failure   Level
 Foxfire                  Conj/Fire      0%         2x1d4     26%         1
 Sting                    Tmut/Pois      0%         1d3       26%         1
 Ensorcelled Hibernation  Hex/Ice        0%         N/A       38%         2
 Passwall                 Tmut/Erth      0%         N/A       38%         2
 Poisonous Vapours        Pois/Air       0%         N/A       38%         2
 Static Discharge         Conj/Air       0%         N/A       38%         2
 Lesser Beckoning         Tloc           8%         N/A       24%         3
 Portal Projectile        Hex/Tloc       8%         N/A       41%         3
 Confusing Touch          Hex            0%         N/A       61%         3
 Conjure Flame            Conj/Fire      0%         6-21      61%         3
 Inner Flame              Hex/Fire       0%         N/A       61%         3
 Spider Form              Tmut/Pois      0%         N/A       61%         3
 Swiftness                Air            0%         N/A       61%         3
 Manifold Assault         Tloc           8%         N/A       89%         5
 Airstrike                Air            0%         N/A       93%         4
 Anguish                  Hex/Necr       0%         N/A       93%         4
 Dispel Undead            Necr           0%         3d6       93%         4
 Flame Wave               Conj/Fire      0%         2d4       93%         4
 Leda's Liquefaction      Hex/Erth       0%         N/A       93%         4
 Olgreb's Toxic Radiance  Pois           0%         N/A       93%         4
 Sticky Flame             Conj/Fire      0%         2d3       93%         4
 Summon Lightning Spire   Summ/Air       0%         N/A       93%         4
 Alistair's Intoxication  Tmut/Pois      0%         N/A       99%         5
 Borgnjor's Vile Clutch   Necr/Erth      0%         N/A       99%         5
 Freezing Cloud           Conj/Ice/Air   0%         6-21      99%         5
 Lightning Bolt           Conj/Air       0%         1d11      99%         5
 Yara's Violent Unravell  Hex/Tmut       0%         3d3       99%         5
 Eringya's Noxious Bog    Tmut/Pois      0%         N/A       100%        6
 Enfeeble                 Hex            0%         N/A       100%        7


Dungeon Overview and Level Annotations

Branches:
Dungeon (14/15)            Temple (0/1) D:4            Lair (6/6) D:8
 Shoals (0/4) Lair:4        Snake (0/4) Lair:2        Slime (0/5) Lair:6
    Orc (2/2) D:10            Elf (0/3) Orc:2       Gauntlet (visited)
 Vaults: D:13-14

Shops:
D:9 =   Orc:2 *?(!

Annotations:
D:3 Sigmund
D:9 3 runed translucent doors, exclusion: 3 doors, bande's ghost, novice GrFi
D:10 5 runed translucent doors


Innate Abilities, Weirdness & Mutations

You have an increased reservoir of magic. (+10% MP)
You shall have no god before yourself.
Your divine heritage dramatically boosts your attributes as you level up.


Message History

The reaper hits you with a +2 vorpal scythe!
* * * LOW HITPOINT WARNING * * *
x2 Unknown command.
Unknown command.
Unknown command.
Unknown command.
You feel much better.
The reaper hits you with a +2 vorpal scythe!
* * * LOW HITPOINT WARNING * * *
x2 Unknown command.
Unknown command.
Unknown command.
Unknown command.
You slash the reaper!
Your weapon exudes an aura of protection.
The reaper is lightly wounded.
The reaper shouts, "Death awaits you!"
The reaper hits you with a +2 vorpal scythe!!
* * * LOW HITPOINT WARNING * * *
x2 Unknown command.
Unknown command.
Unknown command.
Unknown command.
You feel better.
The reaper hits you with a +2 vorpal scythe.
* * * LOW HITPOINT WARNING * * *
x2 Unknown command.
Unknown command.
You feel better.
The reaper shouts, "You must die NOW!"
The reaper hits you with a +2 vorpal scythe!
* * * LOW HITPOINT WARNING * * *
x2 Unknown command.
Unknown command.
You feel better. The reaper closely misses you.
Unknown command.
Unknown command.
You feel better.
The reaper hits you with a +2 vorpal scythe!!
You die... 5

. #. # .# #
# # #. ## .
####♣#..# .
#♣.#♣≈.≈ #
.E #.#2≈#
## . #≈@#.#
.
..#####2#..
# . . ..).#
# . ## .#
## #


You could see a reaper.

Vanquished Creatures
  Gastronok (Lair:2)
  An Executioner (Abyss:2)
  2 orc warlords
  A dire elephant (Gauntlet)
  A minotaur (Gauntlet)
  The ghost of bearlyready the Sharpshooter, a journeyman KoHu of Gozag (Lair:3)
  An ettin (Orc:2)
  A great orb of eyes (Gauntlet)
  3 boulder beetles
  5 hydras
  An ogre mage (Orc:2)
  A catoblepas (Lair:4)
  11 two-headed ogres
  6 death yaks
  A tengu warrior (D:12)
  A thrashing horror (Abyss:2)
  6 orc high priests
  A goliath frog (Lair:6)
  A fire crab (shapeshifter) (Gauntlet)
  A glowing orange brain (Abyss:2)
  Pikel (D:6)
  7 orc knights
  A lindwurm (Lair:2)
  5 orc sorcerers
  3 ugly things
  2 cyclopes
  An elephant (Gauntlet)
  5 black mambas
  6 torpor snails
  17 cane toads
  Maggie (Lair:1)
  2 unseen horrors
  A rime drake (Lair:1)
  A tengu conjurer (D:12)
  A kobold demonologist (Abyss:2)
  An efreet (D:13)
  14 komodo dragons
  7 trolls
  3 tyrant leeches (Lair:6)
  3 polar bears
  2 hornets
  24 blink frogs
  6 slime creatures
  2 dream sheep (Lair:2)
  2 spriggans
  A vampire (D:11)
  A shadow (D:9)
  51 yaks
  3 wyverns
  3 wraiths
  5 basilisks
  A fire bat (Abyss:2)
  7 vampire mosquitoes
  A steam dragon (D:8)
  A chaos spawn (Abyss:2)
  7 wargs
  A large abomination (Abyss:2)
  3 nagas (Lair:2)
  An acid dragon (D:9)
  Duvessa (D:6)
  20 water moccasins
  51 orc warriors
  A floating eye (shapeshifter) (Gauntlet)
  A swamp drake (D:10)
  An ice beast (D:6)
  7 black bears
  3 sky beasts
  10 ogres
  15 wolves
  3 centaurs
  6 boggarts
  A small abomination (Abyss:2)
  A nameless horror (Abyss:2)
  4 kobold brigands
  16 bullfrogs
  A gnoll sergeant (D:7)
  A necrophage (D:7)
  An earth elemental (Abyss:2)
  2 scorpions
  Dowan (D:6)
  9 killer bees
  2 electric eels
  10 howler monkeys
  3 jellies (Lair:6)
  29 orc priests
  2 hounds
  Crazy Yiuf (D:6)
  3 iguanas
  31 orc wizards
  5 gnolls
  5 adders
  3 shadow imps
  2 worms
  A dart slug (D:1)
  105 orcs
  5 bats
  7 endoplasms
  5 giant cockroaches
  5 goblins
  8 hobgoblins
  2 jackals (D:3)
  5 quokkas
  3 ball pythons
  2 frilled lizards (D:3)
  28 kobolds
  6 rats
  A butterfly (Lair:2)
686 creatures vanquished.

Vanquished Creatures (collateral kills)
  A blink frog (Lair:6)
1 creature vanquished.

Vanquished Creatures (others)
  A cane toad (Lair:6)
  58 fungi
  139 plants
198 creatures vanquished.

Grand Total: 885 creatures vanquished

Notes
Turn   | Place    | Note
-------+----------+-------------------------------------------
     0 | D:1      | drugrobin the Demigod Fighter began the quest for the Orb.
     0 | D:1      | Reached XP level 1. HP: 18/18 MP: 3/3
   135 | D:1      | Reached skill level 2 in Axes
   496 | D:1      | Reached XP level 2. HP: 25/25 MP: 4/4
  1271 | D:2      | Reached XP level 3. HP: 19/31 MP: 5/5
  1671 | D:2      | Reached skill level 3 in Axes
  2859 | D:3      | Reached XP level 4. HP: 37/38 MP: 6/6
  3800 | D:4      | Found a staircase to the Ecumenical Temple.
  3972 | D:4      | Reached skill level 4 in Axes
  4264 | D:4      | Reached XP level 5. HP: 46/46 MP: 7/7
  4288 | D:4      | Noticed Sigmund
  5533 | D:5      | Entered Level 5 of the Dungeon
  5543 | D:5      | Noticed a black bear
  5612 | D:5      | Noticed a black bear
  6104 | D:5      | Reached skill level 5 in Axes
  6120 | D:5      | Killed a black bear
  6121 | D:5      | Reached XP level 6. HP: 17/53 MP: 8/8
  6581 | D:5      | Reached skill level 6 in Axes
  6582 | D:5      | Reached XP level 7. HP: 36/60 MP: 9/9
  6894 | D:6      | Reached skill level 5 in Fighting
  7195 | D:6      | Noticed Pikel
  7201 | D:6      | Killed Pikel
  7202 | D:6      | Reached skill level 7 in Axes
  7202 | D:6      | Reached XP level 8. HP: 70/70 MP: 10/10
  7213 | D:6      | Reached skill level 8 in Axes
  7585 | D:6      | Found a runed translucent door.
  7586 | D:6      | Noticed Crazy Yiuf
  7755 | D:6      | Noticed Duvessa
  7755 | D:6      | Noticed Dowan
  7759 | D:6      | Killed Duvessa
  7762 | D:6      | Killed Dowan
  8355 | D:7      | Reached skill level 9 in Axes
  8811 | D:7      | Reached XP level 9. HP: 79/79 MP: 11/11
 10114 | D:6      | Killed Crazy Yiuf
 10683 | D:8      | Reached skill level 10 in Axes
 13087 | D:8      | Found a staircase to the Lair.
 13462 | D:8      | Reached skill level 5 in Armour
 13462 | D:8      | Reached XP level 10. HP: 77/88 MP: 13/13
 13688 | D:9      | Reached skill level 11 in Axes
 14154 | D:9      | Learned a level 3 spell: Mephitic Cloud
 14158 | D:9      | Learned a level 3 spell: Ignite Poison
 15155 | D:9      | Found Comuttyo's Jewellery Shop.
 15314 | D:9      | Found a runed translucent gate.
 15315 | D:9      | Found a runed translucent gate.
 15316 | D:9      | Found a runed translucent gate.
 15319 | D:9      | Noticed bande's ghost (novice GrFi)
 15610 | D:10     | Entered Level 10 of the Dungeon
 15980 | D:10     | Paralysed by a hornet for 1 turns
 16262 | D:10     | Found the +9 staff of Olgreb {rPois∞}
 16265 | D:10     | Found a runed translucent door.
 16332 | D:10     | Noticed a two-headed ogre
 16365 | D:10     | Killed a two-headed ogre
 16673 | D:10     | Found a runed translucent gate.
 16673 | D:10     | Noticed a wolf spider
 16673 | D:10     | Noticed a wolf spider
 16673 | D:10     | Noticed a wolf spider
 16673 | D:10     | Noticed a wolf spider
 16674 | D:10     | Noticed a wolf spider
 16675 | D:10     | Found a runed translucent gate.
 16675 | D:10     | Found a runed translucent gate.
 16677 | D:10     | Found a runed translucent door.
 16678 | D:10     | Noticed a black mamba
 16762 | D:10     | Reached skill level 12 in Axes
 17042 | D:10     | Noticed a two-headed ogre
 17060 | D:10     | Killed a two-headed ogre
 17853 | D:10     | Found a staircase to the Orcish Mines.
 18162 | D:11     | Noticed a two-headed ogre
 18289 | D:10     | Killed a two-headed ogre
 18290 | D:10     | Reached XP level 11. HP: 33/97 MP: 5/14
 18657 | D:11     | Noticed a two-headed ogre
 18731 | D:11     | Identified 2 scrolls of acquirement
 18754 | D:11     | Acquired the +3 pair of gauntlets of War {Slay+5}
 18754 | D:11     | Found the +3 pair of gauntlets of War {Slay+5}
 19058 | D:11     | Reached skill level 13 in Axes
 19145 | D:11     | Killed a two-headed ogre
 19253 | Lair:1   | Entered Level 1 of the Lair of Beasts
 19329 | D:8      | Reached skill level 10 in Fighting
 19557 | Lair:1   | Reached skill level 1 in Evocations
 19769 | Lair:1   | Noticed Maggie
 19803 | Lair:1   | Killed Maggie
 20773 | Lair:1   | Acquired 870 gold pieces
 20839 | Lair:1   | Reached skill level 14 in Axes
 21399 | Lair:2   | Noticed Gastronok
 21458 | Lair:2   | Killed Gastronok
 21459 | Lair:2   | Reached XP level 12. HP: 82/108 MP: 15/15
 22785 | Lair:2   | Found a staircase to the Snake Pit.
 22975 | Lair:2   | Learned a level 2 spell: Blink
 23422 | Lair:2   | Reached skill level 15 in Axes
 23422 | Lair:2   | Reached skill level 1 in Translocations
 24105 | Lair:3   | Noticed an eight-headed hydra
 24311 | Lair:2   | Killed a five-headed hydra
 24636 | Lair:1   | Reached skill level 5 in Evocations
 25293 | Lair:3   | Learned a level 3 spell: Call Canine Familiar
 25663 | Lair:4   | Found a staircase to the Shoals.
 25737 | Lair:4   | Noticed a six-headed hydra
 25820 | Lair:4   | Killed a two-headed hydra
 25821 | Lair:4   | Reached XP level 13. HP: 71/116 MP: 16/16
 26108 | Lair:4   | Found a runed translucent door.
 26112 | Lair:4   | Noticed bearlyready's ghost (journeyman KoHu)
 26113 | Lair:4   | Identified the +5 spear of Amortisation {flame, Fly rElec
                  | rPois rCorr}
 26787 | Lair:4   | You fall into a shaft and drop 2 floors!
 26787 | Lair:6   | Entered Level 6 of the Lair of Beasts
 26822 | Lair:6   | Found a gate leading to a gauntlet.
 26830 | Lair:6   | Reached skill level 16 in Axes
 26847 | Gauntlet | Entered a Gauntlet
 26847 | Gauntlet | Found a transporter.
 26847 | Gauntlet | Found a transporter.
 26847 | Gauntlet | Found a large runed translucent door.
 26847 | Gauntlet | Found a large runed translucent door.
 26847 | Gauntlet | Found a large runed translucent door.
 26847 | Gauntlet | Found a large runed translucent door.
 26847 | Gauntlet | Found a large runed translucent door.
 26847 | Gauntlet | Found a large runed translucent door.
 26847 | Gauntlet | Found a runed translucent door.
 26847 | Gauntlet | Found a runed translucent door.
 26847 | Gauntlet | Found a large runed translucent door.
 26847 | Gauntlet | Found a large runed translucent door.
 26847 | Gauntlet | Found a large runed translucent door.
 26847 | Gauntlet | Found a large runed translucent door.
 26847 | Gauntlet | Found a large runed translucent door.
 26847 | Gauntlet | Found a large runed translucent door.
 26876 | Gauntlet | Found a transporter.
 26880 | Gauntlet | Noticed a dire elephant
 26885 | Gauntlet | Found a transporter.
 26904 | Gauntlet | Found a transporter.
 26914 | Gauntlet | Found a transporter.
 26914 | Gauntlet | Found a transporter.
 26914 | Gauntlet | Noticed a dire elephant
 26918 | Gauntlet | Found a transporter.
 26945 | Gauntlet | Found a transporter.
 26952 | Gauntlet | Found a transporter.
 26961 | Gauntlet | Found a transporter.
 26965 | Gauntlet | Found a large runed translucent door.
 26966 | Gauntlet | Found a large runed translucent door.
 26968 | Gauntlet | Found a runed translucent gate.
 26969 | Gauntlet | Found a runed translucent gate.
 26970 | Gauntlet | Found a runed translucent gate.
 26970 | Gauntlet | Found a transporter.
 26984 | Gauntlet | Found a large runed translucent door.
 26985 | Gauntlet | Found a large runed translucent door.
 27011 | Gauntlet | Found a transporter.
 27025 | Gauntlet | Found a transporter.
 27127 | Gauntlet | Found a transporter.
 27141 | Gauntlet | Found a transporter.
 27349 | Gauntlet | Noticed a quicksilver ooze
 27735 | Gauntlet | Paralysed by a floating eye for 4 turns
 27990 | Gauntlet | Noticed a minotaur
 28000 | Gauntlet | Killed a dire elephant
 28005 | Gauntlet | Killed a minotaur
 29700 | Lair:4   | Identified the +4 spear of Xom, Charming {vorpal, rN+}
 30176 | Lair:3   | Killed bearlyready's ghost
 30461 | Lair:4   | Identified the +2 cloak of Rias {Will- Int+6}
 31703 | Lair:6   | Reached skill level 17 in Axes
 32261 | Lair:6   | Reached XP level 14. HP: 94/127 MP: 14/17
 32463 | Lair:6   | Found a staircase to the Slime Pits.
 33199 | Orc:1    | Entered Level 1 of the Orcish Mines
 33834 | Orc:2    | Entered Level 2 of the Orcish Mines
 34432 | Orc:2    | Found a staircase to the Elven Halls.
 34881 | Orc:2    | Noticed an orc warlord
 36735 | Orc:2    | Paralysed by an orc sorcerer for 6 turns
 36787 | Orc:2    | Noticed an orc warlord
 36797 | Orc:2    | HP: 5/129 [orc warlord/+3 halberd (2)]
 37744 | Orc:2    | Killed an orc warlord
 39008 | Orc:2    | Reached skill level 18 in Axes
 39901 | Orc:2    | Found Denwaarejo's Assorted Antiques.
 39901 | Orc:2    | Found Cauv's Distillery.
 39910 | Orc:2    | Found Radadd's Magic Scroll Emporium.
 39910 | Orc:2    | Found Tamot's Antique Weapon Shoppe.
 39918 | Orc:2    | Bought a scroll labelled WOAPNOVAGE for 24 gold pieces
 39918 | Orc:2    | Bought a scroll of enchant weapon for 180 gold pieces
 39918 | Orc:2    | Bought a scroll labelled ZIHASM TI MURGH for 24 gold pieces
 39918 | Orc:2    | Bought a scroll of identify for 48 gold pieces
 39918 | Orc:2    | Bought a scroll labelled WOAPNOVAGE for 24 gold pieces
 39923 | Orc:2    | Bought a scroll of fear for 56 gold pieces
 39923 | Orc:2    | Bought a scroll of identify for 32 gold pieces
 39923 | Orc:2    | Bought a scroll of teleportation for 48 gold pieces
 39923 | Orc:2    | Bought a scroll of teleportation for 48 gold pieces
 39923 | Orc:2    | Bought a scroll of noise for 16 gold pieces
 39923 | Orc:2    | Bought a scroll of identify for 32 gold pieces
 39923 | Orc:2    | Bought a scroll of teleportation for 48 gold pieces
 39930 | Orc:2    | Bought a potion of magic for 96 gold pieces
 39930 | Orc:2    | Bought a potion of invisibility for 96 gold pieces
 39930 | Orc:2    | Bought a potion of might for 48 gold pieces
 39930 | Orc:2    | Bought a potion of heal wounds for 60 gold pieces
 40216 | Orc:1    | Killed an orc warlord
 40600 | D:9      | Bought an amulet of reflection for 480 gold pieces
 41943 | D:13     | You fall into a shaft and drop 1 floor!
 41975 | D:14     | Cast into level 2 of the Abyss (a wizard)
 42115 | Abyss:2  | Noticed an Executioner
 42135 | Abyss:2  | Killed an Executioner
 42214 | Abyss:2  | Noticed a reaper
 42225 | Abyss:2  | HP: 4/130 [reaper/+2 vorpal scythe (6)]
 42229 | Abyss:2  | Slain by a reaper

Illustrated notes

Levels and vault maps discovered:
D:1:      scummos_arrival_forest, layout_loops_ring, minmay_door_square,
          minmay_tetromino_t2
D:2:      layout_rooms
D:3:      kennysheep_big_flooded_room, layout_basic,
          dilly_ecumenical_altar_fadedgnrine, corexii_item_surrounded_by_moat,
          minivault_23, supply_closet_lemuel
D:4:      layout_cave_pods, fedhas_ov_isle_minmay,
          minmay_temple_entry_statues_fountains, minmay_manual_mail,
          uniq_sigmund
D:5:      layout_rooms, dreamdust_wishing_well, st_stairs_13
D:6:      layout_loops_cross, uniq_duvessa, uniq_pikel, uniq_crazy_yiuf_cottage
D:7:      layout_basic
D:8:      layout_rooms, erik_lair_orcish_takeover, serial_rivers,
          chequers_serial_rivers_micro_e, chequers_serial_rivers_marsh,
          chequers_serial_rivers_small_a, chequers_serial_rivers_small_b,
          chequers_serial_rivers_marsh, hex_tiny
D:9:      layout_loops_cross, gammafunk_ghost_nasty_kobolds, nrook_mini_vaults,
          minmay_shop_enchanted_jewellery
D:10:     layout_irregular_city, erik_orc_1, minivault_25_ag,
          minmay_guarded_unrand_staff_of_olgreb
D:11:     layout_loops_cross
D:12:     layout_roguey, nicolae_sextant
D:13:     layout_cave_pods
D:14:     layout_cave_pools, erik_vaults_2, uniq_snorg
Lair:1:   layout_cave_pods, infiniplex_staircase_pool, grunt_megastairs_3,
          lemuel_fruit_tree, uniq_maggie
Lair:2:   layout_loops_ring, guppyfry_snake_entry_island, serial_bayou_shore_b,
          lemuel_fruit_fields, uniq_gastronok
Lair:3:   layout_hall_layers, grunt_megastairs_4, infiniplex_staircase_pool_2
Lair:4:   layout_regular_city, shoals_dummy_entry, ebering_ghost_funeral_grove,
          minivault_27, kennysheep_snail_temple
Lair:5:   layout_loops_ring, grunt_forest_stairs_clearing, serial_bayou_shore_b
Lair:6:   minmay_lair_end_frog_pond, layout_layer_cave,
          minmay_slime_entry_pillars, gauntlet_entry_generic
Orc:1:    layout_diamond_mine
Orc:2:    st_orc_pillars, layout_caves
Abyss:2:  base:
D:4

Skill      XL: |  1  2  3  4  5  6  7  8  9 10 11 12 13 14 |
---------------+-------------------------------------------+-----
Axes           | 2 3 4 5 6 7 9 10 12 14 15 17 18 | 18.0
Fighting       | 3 4 6 7 8 9 10 11 12 13 | 13.7
Armour         | 3 5 6 7 9 |  9.4
Evocations     | 2 5 7 |  7.3
Translocations | 3 |  3.0
Shields        | 4 |  4.9

Action                   |  1- 3 |  4- 6 |  7- 9 | 10-12 | 13-15 || total
-------------------------+-------+-------+-------+-------+-------++-------
Melee: War axe           |   126 |   135 |   311 |   120 |       ||   692
       Short sword       |       |    10 |     6 |       |       ||    16
       Mace              |       |       |    29 |   137 |   108 ||   274
       Broad axe         |       |       |       |   430 |   887 ||  1317
       Whip              |       |       |       |     9 |       ||     9
       Halberd           |       |       |       |     7 |     3 ||    10
       Spear             |       |       |       |       |    11 ||    11
Throw: Boomerang         |     9 |    13 |    19 |    47 |    51 ||   139
       Dart              |       |    15 |    24 |    22 |     9 ||    70
       Javelin           |       |       |       |       |     1 ||     1
 Cast: Mephitic Cloud    |       |       |       |    11 |    14 ||    25
       Ignite Poison     |       |       |       |     2 |       ||     2
       Blink             |       |       |       |     3 |     3 ||     6
       Call Canine Famil |       |       |       |       |     1 ||     1
Evoke: Wand              |       |       |     5 |     4 |    10 ||    19
       Lightning rod     |       |       |       |       |     8 ||     8
  Use: Potion            |       |       |     3 |     1 |    11 ||    15
       Scroll            |       |       |       |    13 |    15 ||    28
 Stab: Confused          |       |       |       |     1 |     6 ||     7
       Distracted        |       |       |       |       |     1 ||     1
Armor: Scale mail        |    67 |     7 |       |       |       ||    74
       Chain mail        |       |    73 |   189 |    26 |       ||   288
       Acid dragon scale |       |       |       |    98 |       ||    98
       Troll leather arm |       |       |       |    85 |       ||    85
       Swamp dragon scal |       |       |       |   259 |   168 ||   427
       Pearl dragon scal |       |       |       |       |   236 ||   236
Dodge: Dodged            |    44 |    72 |   121 |   340 |   290 ||   867
Block: Buckler           |    23 |    32 |    57 |   138 |   149 ||   399
       Reflection        |       |       |       |       |     1 ||     1

Table legend: (Time is in decaauts)
 A = Elapsed time spent in this place.
 B = Non-inter-level travel time spent in this place.
 C = Inter-level travel time spent in this place.
 D = Time resting spent in this place.
 E = Time spent auto-exploring this place.
 F = Levels seen in this place.
 G = Mean time per level.
                   A        B        C        D        E       F      G
               +--------+--------+--------+--------+--------+-----+--------+
         Total |  42281 |  40268 |   2013 |  16276 |  13381 |  24 | 1761.7 |
       Dungeon |  21138 |  19670 |   1468 |   6951 |   7733 |  14 | 1509.9 |
          Lair |  12206 |  11878 |    328 |   4971 |   4224 |   6 | 2034.3 |
  Orcish Mines |   7265 |   7049 |    216 |   3904 |   1141 |   2 | 3632.5 |
         Abyss |    239 |    239 |      0 |     70 |      0 |   1 |  239.0 |
      Gauntlet |   1432 |   1432 |      0 |    379 |    282 |   1 | 1432.0 |
               +--------+--------+--------+--------+--------+-----+--------+

Top non-repeatable levels by time:
   Orc:2: 4272 daAuts
     D:7: 4193 daAuts
   Orc:1: 2992 daAuts
  Lair:2: 2799 daAuts
  Lair:6: 2667 daAuts
  Lair:1: 2631 daAuts
    D:10: 2556 daAuts
     D:3: 2295 daAuts
     D:9: 1928 daAuts
     D:8: 1897 daAuts
  Lair:4: 1767 daAuts
     D:4: 1601 daAuts
Gauntlet: 1432 daAuts
     D:6: 1412 daAuts
  Lair:3: 1299 daAuts
